NCAA
PROVIDENCE FRIARS @ GEORGIA TECH YELLOW JACKETS
05/01/2029
 
TOP OF THE 1ST
Providence Friars batting - Pitching for Georgia Tech Yellow Jackets : RHP Rourke Knocker
Pitching: RHP Rourke Knocker
Batting: RHB Ánibal Tobías 0-0: DOUBLE (Line Drive, 7LM)
Batting: RHB Howard Robinson 0-0: Ball
1-0: Called Strike
1-1: DOUBLE (Line Drive, 7LM)
Ánibal Tobías scores
Batting: LHB Ken Sosa 0-0: Swinging Strike
0-1: Swinging Strike
0-2: Ball
1-2: Strikes out looking
Batting: LHB Preston Hamilton 0-0: Fly out, F4 (Line Drive, 4MD)
Batting: RHB Cristóbal González 0-0: Ball
1-0: Foul Ball, location: 2F
1-1: Ball
2-1: Fly out, F8 (Flyball, 8RS)
Top of the 1st over - 1 run, 2 hits, 0 errors, 1 left on base; Providence 1 - Georgia Tech 0
BOTTOM OF THE 1ST
Georgia Tech Yellow Jackets batting - Pitching for Providence Friars : RHP Jesse Hairston
Pitching: RHP Jesse Hairston
Batting: RHB Pat Gibson 0-0: Fly out, F8 (Flyball, 8LM)
Batting: RHB José Fernández 0-0: SOLO HOME RUN (Flyball, 7D), Distance : 347 ft
Batting: LHB Tomás Gonsáles 0-0: Foul Ball, location: 2F
0-1: Ball
1-1: Foul Ball, location: 2F
1-2: Ball
2-2: SINGLE (Flyball, 78M)
Batting: RHB Hayden Martínez 0-0: Ball
1-0: Ball
2-0: Called Strike
2-1: Swinging Strike
2-2: Foul Ball, location: 2F
2-2: Strikes out swinging
Batting: LHB José Martínez 0-0: Ball
1-0: Called Strike
1-1: Ball
2-1: Called Strike
2-2: Strikes out swinging
Bottom of the 1st over - 1 run, 2 hits, 0 errors, 1 left on base; Providence 1 - Georgia Tech 1
TOP OF THE 2ND
Providence Friars batting - Pitching for Georgia Tech Yellow Jackets : RHP Rourke Knocker
Batting: SHB Joe Hall 0-0: Ball
1-0: Ball
2-0: Called Strike
2-1: Called Strike
2-2: Ball
3-2: Foul Ball, location: 2F
3-2: Reached on error, E3 (Groundball, 34S)
Batting: RHB Dexter Wooten 0-0: Called Strike
0-1: Ball
1-1: Ball
2-1: Fly out, F4 (Line Drive, 4)
Batting: LHB Mark Álvarez 0-0: Called Strike
0-1: Ball
1-1: Ball
2-1: Foul Ball, location: 2F
2-2: Strikes out swinging
Batting: RHB Mike Morton 0-0: Called Strike
0-1: Fielders Choice at 2nd, 6-4 (Groundball, 6)
Top of the 2nd over - 0 runs, 0 hits, 1 error, 1 left on base; Providence 1 - Georgia Tech 1
BOTTOM OF THE 2ND
Georgia Tech Yellow Jackets batting - Pitching for Providence Friars : RHP Jesse Hairston
Batting: RHB Chris Martínez 0-0: Called Strike
0-1: Swinging Strike
0-2: Strikes out swinging
Batting: RHB David Boyle 0-0: Called Strike
0-1: Fly out, F4 (Line Drive, 4)
Batting: RHB Paul Neal 0-0: Swinging Strike
0-1: Ball
1-1: Ball
2-1: Called Strike
2-2: Ball
3-2: Base on Balls
Batting: RHB Mark Buchanan 0-0: Ball
1-0: Ground out 1-3 (Groundball, 13)
Bottom of the 2nd over - 0 runs, 0 hits, 0 errors, 1 left on base; Providence 1 - Georgia Tech 1
TOP OF THE 3RD
Providence Friars batting - Pitching for Georgia Tech Yellow Jackets : RHP Rourke Knocker
Batting: RHB Ánibal Tobías 0-0: Ball
1-0: Ball
2-0: Foul Ball, location: 2F
2-1: Ground out 4-3 (Groundball, 4)
Batting: RHB Howard Robinson 0-0: Swinging Strike
0-1: Foul Ball, location: 2F
0-2: Ball
1-2: Ball
2-2: Ball
3-2: Foul Ball, location: 2F
3-2: DOUBLE (Line Drive, 89XD)
Batting: LHB Ken Sosa 0-0: Ball
1-0: Ball
2-0: Called Strike
Error on foul ball, E3
2-2: Fly out, F6 (Popup, 6S)
Batting: LHB Preston Hamilton 0-0: SINGLE (Line Drive, 9LS)
Howard Robinson to third
Runner from 3rd tries for Home, throw and OUT!
Top of the 3rd over - 0 runs, 2 hits, 1 error, 1 left on base; Providence 1 - Georgia Tech 1
BOTTOM OF THE 3RD
Georgia Tech Yellow Jackets batting - Pitching for Providence Friars : RHP Jesse Hairston
Batting: RHB Pat Gibson 0-0: Ball
1-0: Called Strike
1-1: Ball
2-1: Ball
3-1: Fly out, F9 (Flyball, 9LS)
Batting: RHB José Fernández 0-0: Ball
1-0: Ball
2-0: Called Strike
2-1: Ground out 5-3 (Groundball, 56)
Batting: LHB Tomás Gonsáles 0-0: Ball
1-0: Called Strike
1-1: Ball
2-1: Fly out, F8 (Flyball, 8LM)
Bottom of the 3rd over - 0 runs, 0 hits, 0 errors, 0 left on base; Providence 1 - Georgia Tech 1
TOP OF THE 4TH
Providence Friars batting - Pitching for Georgia Tech Yellow Jackets : RHP Rourke Knocker
Batting: RHB Cristóbal González 0-0: Called Strike
0-1: Called Strike
0-2: Ball
1-2: SINGLE (Groundball, 6MD)
Batting: SHB Joe Hall 0-0: TRIPLE (Flyball, 9LD)
Cristóbal González scores
Batting: RHB Dexter Wooten 0-0: Ball
1-0: Ball
2-0: Called Strike
2-1: Called Strike
2-2: Foul Ball, location: 2F
2-2: Strikes out looking
Batting: LHB Mark Álvarez 0-0: Ball
1-0: Ball
2-0: Called Strike
2-1: Foul Ball, location: 2F
2-2: Ball
3-2: Strikes out looking
Batting: RHB Mike Morton 0-0: Ball
1-0: Called Strike
1-1: Called Strike
1-2: Fly out, F9 (Flyball, 89D)
Top of the 4th over - 1 run, 2 hits, 0 errors, 1 left on base; Providence 2 - Georgia Tech 1
BOTTOM OF THE 4TH
Georgia Tech Yellow Jackets batting - Pitching for Providence Friars : RHP Jesse Hairston
Batting: RHB Hayden Martínez 0-0: SINGLE (Groundball, 34S) (infield hit)
Batting: LHB José Martínez 0-0: Ball
1-0: Swinging Strike
1-1: Called Strike
1-2: Foul Ball, location: 2F
1-2: Fly out, F7 (Flyball, 7LM)
Batting: RHB Chris Martínez 0-0: Called Strike
0-1: Called Strike
0-2: Ball
1-2: Ball
2-2: Grounds into double play, 4-6-3 (Groundball, 4)
Bottom of the 4th over - 0 runs, 1 hit, 0 errors, 0 left on base; Providence 2 - Georgia Tech 1
TOP OF THE 5TH
Providence Friars batting - Pitching for Georgia Tech Yellow Jackets : RHP Rourke Knocker
Batting: RHB Ánibal Tobías 0-0: Ball
1-0: SINGLE (Groundball, 34D)
Batting: RHB Howard Robinson 0-0: Ball
1-0: Ball
2-0: Ball
3-0: Base on Balls
Ánibal Tobías to second
Batting: LHB Ken Sosa 0-0: Ball
1-0: Ball
2-0: Ball
3-0: Base on Balls
Ánibal Tobías to third
Howard Robinson to second
Batting: LHB Preston Hamilton 0-0: Called Strike
0-1: Swinging Strike
0-2: Ball
1-2: Ball
2-2: Foul Ball, location: 2F
2-2: SINGLE (Flyball, 6MD)
Ánibal Tobías scores
Howard Robinson to third
Ken Sosa to second
Pitching: RHP Travis Haney
Batting: RHB Cristóbal González 0-0: Ball
1-0: Ball
2-0: Ball
3-0: Called Strike
3-1: Swinging Strike
3-2: Foul Ball, location: 2F
3-2: Grounds into fielders choice 3-2 (Groundball, 2R)
Ken Sosa to third
Preston Hamilton to second
Batting: SHB Joe Hall 0-0: Ball
1-0: SINGLE (Line Drive, 34)
Ken Sosa scores
Preston Hamilton to third
Cristóbal González to second
Runner from 3rd tries for Home, SAFE, no throw
Batting: RHB Dexter Wooten 0-0: Grounds into double play, 4-6-3 (Groundball, 4)
Top of the 5th over - 3 runs, 3 hits, 0 errors, 1 left on base; Providence 5 - Georgia Tech 1
BOTTOM OF THE 5TH
Georgia Tech Yellow Jackets batting - Pitching for Providence Friars : RHP Jesse Hairston
Batting: RHB David Boyle 0-0: Ball
1-0: Called Strike
1-1: Foul Ball, location: 2F
1-2: Fly out, F9 (Flyball, 9S)
Pitching: RHP Jody Thomas
Batting: RHB Paul Neal 0-0: Ball
1-0: Ground out 6-3 (Groundball, 6)
Batting: RHB Mark Buchanan 0-0: Fly out, F6 (Line Drive, 6)
Bottom of the 5th over - 0 runs, 0 hits, 0 errors, 0 left on base; Providence 5 - Georgia Tech 1
TOP OF THE 6TH
Providence Friars batting - Pitching for Georgia Tech Yellow Jackets : RHP Travis Haney
Batting: LHB Mark Álvarez 0-0: Fly out, F8 (Line Drive, 8LD)
Batting: RHB Mike Morton 0-0: Called Strike
0-1: Called Strike
0-2: Ball
1-2: Foul Ball, location: 2F
1-2: Foul Ball, location: 2F
1-2: Ground out 6-3 (Groundball, 6)
Batting: RHB Ánibal Tobías 0-0: Ball
1-0: Swinging Strike
1-1: Fly out, F8 (Line Drive, 8RM)
Top of the 6th over - 0 runs, 0 hits, 0 errors, 0 left on base; Providence 5 - Georgia Tech 1
BOTTOM OF THE 6TH
Georgia Tech Yellow Jackets batting - Pitching for Providence Friars : RHP Jody Thomas
Batting: RHB Pat Gibson 0-0: DOUBLE (Flyball, 89D)
Batting: RHB José Fernández 0-0: Ball
1-0: Ball
2-0: SINGLE (Line Drive, 56)
Pat Gibson to third
Batting: LHB Tomás Gonsáles 0-0: Foul Ball, location: 2F
0-1: Ball
1-1: Ball
2-1: Ball
3-1: Base on Balls
José Fernández to second
Batting: RHB Hayden Martínez 0-0: Ball
1-0: Ball
2-0: SINGLE (Flyball, 9S)
Pat Gibson scores
José Fernández to third
Tomás Gonsáles to second
Runner from 3rd tries for Home, throw and OUT!
Tomás Gonsáles to third
Hayden Martínez to second
Batting: LHB José Martínez 0-0: Called Strike
0-1: Foul Ball, location: 2F
0-2: Foul Ball, location: 2F
0-2: Foul Ball, location: 2F
0-2: Ball
1-2: Ball
2-2: Ball
3-2: 3-RUN HOME RUN (Flyball, 7D), Distance : 350 ft
Pitching: RHP Greg Cooper
Batting: RHB Chris Martínez 0-0: Called Strike
0-1: Foul Ball, location: 2F
0-2: Ball
1-2: Strikes out looking
Batting: RHB David Boyle 0-0: Called Strike
0-1: Foul Ball, location: 2F
0-2: Strikes out swinging
Bottom of the 6th over - 4 runs, 4 hits, 0 errors, 0 left on base; Providence 5 - Georgia Tech 5
TOP OF THE 7TH
Providence Friars batting - Pitching for Georgia Tech Yellow Jackets : RHP Travis Haney
Batting: RHB Howard Robinson 0-0: SINGLE (Flyball, 9LS)
Batting: LHB Ken Sosa 0-0: Ball
1-0: Foul Ball, location: 2F
1-1: Foul Ball, location: 2F
1-2: Foul Ball, location: 2F
1-2: Ball
2-2: Grounds into double play, 6-4-3 (Groundball, 6M)
Batting: LHB Preston Hamilton 0-0: Swinging Strike
0-1: Ball
1-1: Ball
2-1: DOUBLE (Line Drive, 9LM)
Batting: RHB Cristóbal González 0-0: Foul Ball, location: 2F
0-1: Ball
1-1: Ground out 6-3 (Groundball, 6)
Top of the 7th over - 0 runs, 2 hits, 0 errors, 1 left on base; Providence 5 - Georgia Tech 5
BOTTOM OF THE 7TH
Georgia Tech Yellow Jackets batting - Pitching for Providence Friars : RHP Greg Cooper
Batting: RHB Paul Neal 0-0: Ball
1-0: Ball
2-0: Ball
3-0: Base on Balls
Batting: RHB Mark Buchanan 0-0: Sac Bunt - play at first, batter OUT! 1-4
Paul Neal to second
Batting: RHB Pat Gibson 0-0: Ball
1-0: Called Strike
1-1: Ball
2-1: Ball
Pickoff Throw to Second - Out!
3-1: Base on Balls
Batting: RHB José Fernández 0-0: Ball
Pat Gibson steals 2nd base
1-0: Called Strike
1-1: Foul Ball, location: 2F
1-2: Strikes out swinging
Bottom of the 7th over - 0 runs, 0 hits, 0 errors, 1 left on base; Providence 5 - Georgia Tech 5
TOP OF THE 8TH
Providence Friars batting - Pitching for Georgia Tech Yellow Jackets : RHP Travis Haney
Batting: SHB Joe Hall 0-0: Ball
1-0: Foul Ball, location: 2F
1-1: Foul Ball, location: 2F
1-2: Strikes out swinging
Batting: RHB Dexter Wooten 0-0: Ball
1-0: Ball
2-0: Fly out, F7 (Flyball, 7LMF)
Batting: LHB Mark Álvarez 0-0: Ground out U3 (Groundball, 3)
Top of the 8th over - 0 runs, 0 hits, 0 errors, 0 left on base; Providence 5 - Georgia Tech 5
BOTTOM OF THE 8TH
Georgia Tech Yellow Jackets batting - Pitching for Providence Friars : RHP Greg Cooper
Pitching: LHP Kevin Glendenning
Batting: LHB Tomás Gonsáles 0-0: Called Strike
0-1: Ground out 4-3 (Groundball, 34D)
Pitching: RHP Tim Forrest
Batting: RHB Hayden Martínez 0-0: Swinging Strike
0-1: Ball
1-1: Ball
2-1: Ground out 4-3 (Groundball, 34)
Batting: LHB José Martínez 0-0: Ground out 4-3 (Groundball, 4S)
Bottom of the 8th over - 0 runs, 0 hits, 0 errors, 0 left on base; Providence 5 - Georgia Tech 5
TOP OF THE 9TH
Providence Friars batting - Pitching for Georgia Tech Yellow Jackets : RHP Travis Haney
Batting: RHB Mike Morton 0-0: Ball
1-0: Called Strike
1-1: Ball
2-1: SINGLE (Flyball, 9LS)
Batting: RHB Ánibal Tobías 0-0: Sac Bunt - play at first, batter OUT! 2-4
Mike Morton to second
Batting: RHB Howard Robinson 0-0: Intentional Walk
Batting: LHB Ken Sosa 0-0: Called Strike
0-1: Called Strike
0-2: Strikes out swinging
Batting: LHB Preston Hamilton 0-0: Called Strike
0-1: Foul Ball, location: 2F
0-2: Strikes out looking
Top of the 9th over - 0 runs, 1 hit, 0 errors, 2 left on base; Providence 5 - Georgia Tech 5
BOTTOM OF THE 9TH
Georgia Tech Yellow Jackets batting - Pitching for Providence Friars : RHP Tim Forrest
Pitching: RHP Brian Gardner
Batting: RHB Chris Martínez 0-0: Ball
1-0: Swinging Strike
1-1: Ball
2-1: Swinging Strike
2-2: Ball
3-2: Base on Balls
Batting: RHB David Boyle 0-0: Ball
1-0: Foul Ball, location: 2F
1-1: Bunted foul
1-2: Ball
2-2: Strikes out swinging
Batting: RHB Paul Neal 0-0: Ground out 5-3 (Groundball, 56)
Chris Martínez to second
Batting: RHB Mark Buchanan 0-0: Ball
1-0: Ball
2-0: Ball
3-0: Called Strike
3-1: Fly out, F4 (Popup, 4M)
Bottom of the 9th over - 0 runs, 0 hits, 0 errors, 1 left on base; Providence 5 - Georgia Tech 5
TOP OF THE 10TH
Providence Friars batting - Pitching for Georgia Tech Yellow Jackets : RHP Travis Haney
Batting: RHB Cristóbal González 0-0: Foul Ball, location: 2F
0-1: Foul Ball, location: 2F
0-2: Ball
1-2: Foul Ball, location: 2F
1-2: Ground out 5-3 (Groundball, 5)
Batting: SHB Joe Hall 0-0: Ball
1-0: Ball
2-0: Ground out 4-3 (Groundball, 4MS)
Batting: RHB Dexter Wooten 0-0: Fly out, F8 (Flyball, 8RM)
Top of the 10th over - 0 runs, 0 hits, 0 errors, 0 left on base; Providence 5 - Georgia Tech 5
BOTTOM OF THE 10TH
Georgia Tech Yellow Jackets batting - Pitching for Providence Friars : RHP Brian Gardner
Batting: RHB Pat Gibson 0-0: Ball
1-0: Swinging Strike
1-1: Ball
2-1: Swinging Strike
2-2: Strikes out swinging
Pinch Hitting: RHB Reed Brown 0-0: Ball
1-0: Ground out U3 (Groundball, 34S)
Batting: LHB Tomás Gonsáles 0-0: Called Strike
0-1: Swinging Strike
0-2: Ball
1-2: Ball
2-2: Ball
3-2: Base on Balls
Batting: RHB Hayden Martínez 0-0: Called Strike
0-1: Swinging Strike
0-2: Foul Ball, location: 2F
0-2: Foul Ball, location: 2F
0-2: Ground out 4-3 (Groundball, 4M)
Bottom of the 10th over - 0 runs, 0 hits, 0 errors, 1 left on base; Providence 5 - Georgia Tech 5
TOP OF THE 11TH
Providence Friars batting - Pitching for Georgia Tech Yellow Jackets : RHP Travis Haney
Now in LF: Reed Brown
Batting: LHB Mark Álvarez 0-0: Called Strike
0-1: SINGLE (Line Drive, 3D)
Pitching: RHP Pedro Guzmán
Batting: RHB Mike Morton 0-0: Ball
1-0: Swinging Strike
1-1: Foul Ball, location: 2F
1-2: Ball
2-2: Foul Ball, location: 2F
2-2: Ball
3-2: Strikes out looking
Batting: RHB Ánibal Tobías 0-0: Ball
1-0: Ball
2-0: Ball
3-0: Called Strike
3-1: Called Strike
3-2: Base on Balls
Mark Álvarez to second
Batting: RHB Howard Robinson 0-0: Called Strike
0-1: Fly out, F9 (Flyball, 89M)
Batting: LHB Ken Sosa 0-0: Ball
1-0: Foul Ball, location: 2F
1-1: Ball
2-1: Swinging Strike
2-2: Foul Ball, location: 2F
2-2: SINGLE (Line Drive, 34D)
Mark Álvarez to third
Ánibal Tobías to second
Runner from 3rd tries for Home, throw and OUT!
Top of the 11th over - 0 runs, 2 hits, 0 errors, 2 left on base; Providence 5 - Georgia Tech 5
BOTTOM OF THE 11TH
Georgia Tech Yellow Jackets batting - Pitching for Providence Friars : RHP Brian Gardner
Pitching: RHP Robert Pugh
Batting: LHB José Martínez 0-0: Ball
1-0: Swinging Strike
1-1: Ball
2-1: Swinging Strike
2-2: Strikes out swinging
Batting: RHB Chris Martínez 0-0: Swinging Strike
0-1: DOUBLE (Line Drive, 7LM)
Batting: RHB David Boyle 0-0: Intentional Walk
Batting: RHB Paul Neal 0-0: SINGLE (Groundball, 6D)
Chris Martínez to third
David Boyle to second
Runner from 3rd tries for Home, throw and OUT!
David Boyle to third
Paul Neal to second
Batting: RHB Mark Buchanan 0-0: Swinging Strike
0-1: Foul Ball, location: 2F
0-2: Ball
1-2: Strikes out swinging
Bottom of the 11th over - 0 runs, 2 hits, 0 errors, 2 left on base; Providence 5 - Georgia Tech 5
TOP OF THE 12TH
Providence Friars batting - Pitching for Georgia Tech Yellow Jackets : RHP Pedro Guzmán
Batting: LHB Preston Hamilton 0-0: Ball
1-0: Ball
2-0: Foul Ball, location: 2F
2-1: Ball
3-1: Base on Balls
Batting: RHB Cristóbal González 0-0: Called Strike
0-1: Fly out, F7 (Flyball, 7D)
Batting: SHB Joe Hall 0-0: Called Strike
0-1: Ball
Preston Hamilton is caught stealing 2nd base
1-1: SINGLE (Groundball, 5D)
Batting: RHB Dexter Wooten 0-0: Foul Ball, location: 2F
0-1: Foul Ball, location: 2F
0-2: Ground out 4-3 (Groundball, 4)
Top of the 12th over - 0 runs, 1 hit, 0 errors, 1 left on base; Providence 5 - Georgia Tech 5
BOTTOM OF THE 12TH
Georgia Tech Yellow Jackets batting - Pitching for Providence Friars : RHP Robert Pugh
Batting: RHB Pat Gibson 0-0: Called Strike
0-1: Ball
1-1: Foul Ball, location: 2F
1-2: Ball
2-2: Strikes out swinging
Batting: RHB Reed Brown 0-0: Ball
1-0: Ball
2-0: Called Strike
2-1: Ground out 5-3 (Groundball, 56)
Batting: LHB Tomás Gonsáles 0-0: Called Strike
0-1: Ball
1-1: Ball
2-1: Called Strike
2-2: Ball
3-2: Base on Balls
Batting: RHB Hayden Martínez 0-0: Called Strike
0-1: Ball
1-1: Foul Ball, location: 2F
1-2: Fly out, F4 (Popup, 4MS)
Bottom of the 12th over - 0 runs, 0 hits, 0 errors, 1 left on base; Providence 5 - Georgia Tech 5
TOP OF THE 13TH
Providence Friars batting - Pitching for Georgia Tech Yellow Jackets : RHP Pedro Guzmán
Pitching: LHP Pedro Echevarría
Batting: LHB Mark Álvarez 0-0: Foul Ball, location: 2F
0-1: Foul Ball, location: 2F
0-2: Foul Ball, location: 2F
0-2: Ball
1-2: Foul Ball, location: 2F
1-2: Strikes out swinging
Batting: RHB Mike Morton 0-0: Ball
1-0: Ball
2-0: Ball
3-0: Base on Balls
Batting: RHB Ánibal Tobías 0-0: Ball
1-0: Called Strike
1-1: Foul Ball, location: 2F
1-2: Strikes out swinging
Batting: RHB Howard Robinson 0-0: Called Strike
0-1: Ball
1-1: Called Strike
1-2: Ball
2-2: Strikes out swinging
Top of the 13th over - 0 runs, 0 hits, 0 errors, 1 left on base; Providence 5 - Georgia Tech 5
BOTTOM OF THE 13TH
Georgia Tech Yellow Jackets batting - Pitching for Providence Friars : RHP Robert Pugh
Batting: LHB José Martínez 0-0: SINGLE (Groundball, 56) (infield hit)
Batting: RHB Chris Martínez 0-0: Bunted foul
0-1: Ball
1-1: Sac Bunt - play at first, batter OUT! 1-4
José Martínez to second
Batting: RHB David Boyle 0-0: Intentional Walk
Batting: RHB Paul Neal 0-0: Ball
1-0: Ball
2-0: Ball
3-0: Called Strike
3-1: Base on Balls
José Martínez to third
David Boyle to second
Batting: RHB Mark Buchanan 0-0: Ball
1-0: Foul Ball, location: 2F
1-1: Swinging Strike
1-2: Strikes out swinging
Batting: RHB Pat Gibson 0-0: Ground out 3-1 (Groundball, 34)
Bottom of the 13th over - 0 runs, 1 hit, 0 errors, 3 left on base; Providence 5 - Georgia Tech 5
TOP OF THE 14TH
Providence Friars batting - Pitching for Georgia Tech Yellow Jackets : LHP Pedro Echevarría
Batting: LHB Ken Sosa 0-0: Called Strike
0-1: Foul Ball, location: 2F
0-2: Ball
1-2: Foul Ball, location: 2F
1-2: Ball
2-2: Strikes out swinging
Batting: LHB Preston Hamilton 0-0: SINGLE (Groundball, 34D)
Batting: RHB Cristóbal González 0-0: Called Strike
0-1: Ground out 5-3 (Groundball, 5S)
Preston Hamilton to second
Batting: SHB Joe Hall 0-0: Foul Ball, location: 2F
0-1: Ball
1-1: Foul Ball, location: 2F
1-2: Foul Ball, location: 2F
1-2: Ball
2-2: Strikes out swinging
Top of the 14th over - 0 runs, 1 hit, 0 errors, 1 left on base; Providence 5 - Georgia Tech 5
BOTTOM OF THE 14TH
Georgia Tech Yellow Jackets batting - Pitching for Providence Friars : RHP Robert Pugh
Batting: RHB Reed Brown 0-0: Ball
1-0: Ball
2-0: Fly out, F7 (Flyball, 7S)
Batting: LHB Tomás Gonsáles 0-0: Ball
1-0: Called Strike
1-1: Fly out, F8 (Flyball, 8RD)
Batting: RHB Hayden Martínez 0-0: Fly out, F8 (Flyball, 8RD)
Bottom of the 14th over - 0 runs, 0 hits, 0 errors, 0 left on base; Providence 5 - Georgia Tech 5
TOP OF THE 15TH
Providence Friars batting - Pitching for Georgia Tech Yellow Jackets : LHP Pedro Echevarría
Pitching: RHP Armando Maldonado
Batting: RHB Dexter Wooten 0-0: Ball
1-0: Ball
2-0: Ball
3-0: Base on Balls
Batting: LHB Mark Álvarez 0-0: Ball
1-0: Called Strike
1-1: Called Strike
1-2: Ball
2-2: Strikes out swinging
Batting: RHB Mike Morton 0-0: Called Strike
0-1: Ball
1-1: Ball
2-1: Ball
3-1: Base on Balls
Dexter Wooten to second
Batting: RHB Ánibal Tobías 0-0: Called Strike
0-1: Called Strike
0-2: Strikes out looking
Batting: RHB Howard Robinson 0-0: Ball
1-0: Called Strike
1-1: Ball
2-1: Foul Ball, location: 2F
2-2: Ball
3-2: Foul Ball, location: 2F
3-2: Base on Balls
Dexter Wooten to third
Mike Morton to second
Batting: LHB Ken Sosa 0-0: Foul Ball, location: 2F
0-1: Ball
1-1: Swinging Strike
1-2: Strikes out swinging
Top of the 15th over - 0 runs, 0 hits, 0 errors, 3 left on base; Providence 5 - Georgia Tech 5
BOTTOM OF THE 15TH
Georgia Tech Yellow Jackets batting - Pitching for Providence Friars : RHP Robert Pugh
Batting: LHB José Martínez 0-0: Ball
1-0: SINGLE (Flyball, 7S)
Batting: RHB Chris Martínez 0-0: Sac Bunt - play at first, batter safe!
José Martínez to second
Batting: RHB David Boyle 0-0: Ball
1-0: Called Strike
1-1: Bunted foul
1-2: SINGLE (Groundball, 6MD)
José Martínez to third
Chris Martínez to second
Runner from 3rd tries for Home, SAFE, throw made home
Saturday, December 16th, 2017 - OOTP Baseball 18.8 Build 76